 Dungeon Crawl Stone Soup version 0.25.0-3-gd7cc5688da (webtiles) character file.

Game seed: 16241641652384508017

133 Peloso the Shield-Bearer (level 4, 0/40 HPs)
             Began as a Minotaur Fighter on June 15, 2020.
             Slain by Sigmund
             ... wielding a +2 scythe of venom
              (5 damage)
             ... on level 3 of the Dungeon.
             The game lasted 00:06:43 (2373 turns).

Peloso the Shield-Bearer (Minotaur Fighter)         Turns: 2373, Time: 00:06:44

Health: 0/40       AC: 10    Str: 21    XL:     4   Next: 94%
Magic:  3/3        EV:  6    Int:  5    God:
Gold:   150        SH: 12    Dex: 10    Spells: 3/3 levels left

rFire    . . .     SeeInvis .   a - +0 long sword
rCold    . . .     Gourm    .   c - +2 kite shield
rNeg     + . .     Faith    .   n - +0 chain mail
rPois    .         Spirit   .   (helmet restricted)
rElec    .         Reflect  .   p - +0 cloak
rCorr    .         Harm     .   (no gloves)
MR       .....                  (no boots)
Stlth    ..........             o - amulet of inaccuracy (curse)
HPRegen  0.13/turn              e - ring of positive energy
MPRegen  0.08/turn              (no ring)

@: lethally poisoned (0 -> -30)
A: retaliatory headbutt, horns 2
a: no special abilities


You were on level 3 of the Dungeon.
You were not hungry.

You visited 1 branch of the dungeon, and saw 3 of its levels.

You collected 150 gold pieces.

Inventory:

Hand Weapons
 a - a +0 long sword (weapon)
Armour
 b - a +0 scale mail
 c - a +2 kite shield (worn)
 n - a +0 chain mail (worn)
 p - a +0 cloak (worn)
Jewellery
 e - a ring of positive energy (left hand)
 o - a cursed amulet of inaccuracy (around neck)
Wands
 g - a wand of random effects (12)
Scrolls
 i - a scroll of fog {unknown}
 l - a scroll of enchant armour {unknown}
 m - a scroll of remove curse
Potions
 d - a potion of might
 h - 2 potions of curing
 j - a potion of haste {unknown}
 k - a potion of heal wounds {unknown}
Comestibles
 f - 9 rations


   Skills:
 + Level 4.1 Fighting
 + Level 3.3 Long Blades
 + Level 4.6 Armour
 + Level 1.4 Dodging
 + Level 5.0 Shields


You had 3 spell levels left.
You didn't know any spells.
Your spell library was empty.

Dungeon Overview and Level Annotations

Branches:
Dungeon (3/15)

Altars:
Elyvilon
Wu Jian

Annotations:
D:3 Sigmund


Innate Abilities, Weirdness & Mutations

You reflexively headbutt those who attack you in melee.
You have a pair of horns on your head.


Message History

You closely miss something.
You feel sick. Something hits you!
You are more poisoned.
You miss something.
* * * LOW HITPOINT WARNING * * *
You feel very sick. Something hits you but does no damage.
You are more poisoned.
Unknown command.
You closely miss something.
* * * LOW HITPOINT WARNING * * *
You feel very sick.
You hear some strange, mumbled words.
A magic dart appears from out of thin air!
The magic dart hits you but does no damage.
Unknown command.
You completely miss something.
* * * LOW HITPOINT WARNING * * *
You feel very sick. You block the adder's attack. Something hits you.
You die...

.#.....# #........
## ..#.⌠.⌠.# .
#.........#
#.#.....#.#
....._....#
#.#...S{#.#
#.....$@..#
#$#.⌠.⌠.#.#
#.........# #
#.#....÷#.#
#.#.........#
#)#####.....#
#.#####.###.###.#.#
#.......###.).....#
#..####%....###.###


You could see an adder.

Vanquished Creatures
  Crazy Yiuf (D:2)
  Robin (D:2)
  An adder (D:2)
  An ooze (D:1)
  A worm (D:3)
  3 dart slugs
  3 leopard geckos (D:1)
  7 bats
  4 giant cockroaches (D:1)
  16 goblins
  7 hobgoblins
  5 jackals (D:3)
  8 kobolds
  A quokka (D:2)
  5 rats (D:1)
64 creatures vanquished.

Notes
Turn   | Place    | Note
-------+----------+-------------------------------------------
     0 | D:1      | Peloso the Minotaur Fighter began the quest for the Orb.
     0 | D:1      | Reached XP level 1. HP: 19/19 MP: 0/0
   358 | D:1      | Reached XP level 2. HP: 27/27 MP: 1/1
   588 | D:1      | Reached skill level 4 in Shields
   799 | D:1      | Reached XP level 3. HP: 30/33 MP: 2/2
  1202 | D:2      | Noticed Robin
  1236 | D:2      | Killed Robin
  1238 | D:2      | Reached XP level 4. HP: 18/40 MP: 3/3
  1531 | D:2      | Reached skill level 1 in Dodging
  1880 | D:2      | Found an ornate altar of the Wu Jian Council.
  2044 | D:2      | Found a runed translucent door.
  2045 | D:2      | Noticed Crazy Yiuf
  2049 | D:2      | Paralysed by Crazy Yiuf for 6 turns
  2055 | D:2      | Killed Crazy Yiuf
  2055 | D:2      | Reached skill level 5 in Shields
  2346 | D:3      | Found a white marble altar of Elyvilon.
  2356 | D:3      | Noticed Sigmund
  2373 | D:3      | Slain by Sigmund

Illustrated notes

Levels and vault maps discovered:
D:1:      minmay_arrival_shattered_statue, layout_basic
D:2:      layout_rooms, marbit_many_paths, first_ration, uniq_robin,
          uniq_crazy_yiuf_cottage
D:3:      layout_loops_ring, elyvilon_altar_5, minmay_shallow_snake_nest,
          uniq_sigmund

Skill      XL: |  1  2  3  4 |
---------------+-------------+-----
Armour         | 4 |  4.6
Shields        | 4 5 |  5.0
Fighting       | 4 |  4.1
Long Blades    | 3 |  3.3
Dodging        | 1 |  1.4

Action                   |  1- 3 |  4- 6 || total
-------------------------+-------+-------++-------
Melee: Long sword        |   114 |    78 ||   192
       Headbutt          |    14 |    10 ||    24
  Use: Potion            |     2 |       ||     2
       Scroll            |     1 |       ||     1
  Eat: Chunk             |     1 |     4 ||     5
Armor: Scale mail        |    78 |    23 ||   101
       Chain mail        |       |    20 ||    20
Dodge: Dodged            |    30 |    24 ||    54
Block: Kite shield       |    88 |    70 ||   158
       Rpst.: Long sword |     6 |     9 ||    15
